 Dungeon Crawl Stone Soup version 0.27-a0-941-g386ccf399c (webtiles) character file.

Game seed: 1876177128126222018

3110 EnegeticOcto the Arsonist (level 9, -3/61 HPs)
             Began as an Octopode Wanderer on Apr 9, 2021.
             Was a Priest of Wu Jian.
             Killed by an exploding Maggie (45 damage)
             ... ignited by their inner flame
             ... on level 7 of the Dungeon on Apr 11, 2021.
             The game lasted 00:22:19 (11895 turns).

EnegeticOcto the Arsonist (Octopode Wanderer)      Turns: 11895, Time: 00:22:20

Health: -3/61      AC:  5    Str: 11    XL:     9   Next: 91%
Magic:  6/15       EV: 14    Int: 17    God:    Wu Jian [***...]
Gold:   374        SH:  0    Dex: 12    Spells: 8/16 levels left

rFire    . . .     SeeInvis .   C - +6 morningstar of Conformity {protect, Will+}
rCold    . . .     Faith    .   (no shield)
rNeg     . . .     Spirit   .   (helmet restricted)
rPois    .         Reflect  .   (no amulet)
rElec    .         Harm     .   k - +4 ring of protection
rCorr    .         Rampage  .   (no ring)
Will     +....                  (no ring)
Stlth    +++.......             (no ring)
HPRegen  0.20/turn              (no ring)
MPRegen  0.14/turn              (no ring)
                                (no ring)
                                (no ring)

@: no status effects
A: almost no armour, amphibious, 8 rings, camouflage 1, gelatinous body 1,
(nimble swimmer 1), tentacles
a: Renounce Religion, Wall Jump, Serpent's Lash


You were on level 7 of the Dungeon.
You worshipped Wu Jian.
Wu Jian was most pleased with you.
You visited 1 branch of the dungeon, and saw 7 of its levels.

You collected 374 gold pieces.

Inventory:

Hand Weapons
 C - the +6 morningstar of Conformity (weapon) {protect, Will+}
   (You took it off a centaur on level 6 of the Dungeon)

   It grants its wielder temporary protection when it strikes (+7 to AC).
   It increases your willpower.
Missiles
 s - 2 throwing nets {!f}
Jewellery
 k - a +4 ring of protection (left tentacle)
   (You found it on level 3 of the Dungeon)
 l - an amulet of guardian spirit
   (You found it on level 3 of the Dungeon)
Wands
 b - a wand of random effects (43)
 p - a wand of flame (9) {@v4}
   (You took it off Duvessa on level 5 of the Dungeon)
 u - a wand of charming (6)
   (You took it off Ijyb on level 5 of the Dungeon)
Scrolls
 c - 3 scrolls of enchant armour
 f - a scroll of amnesia
 h - a scroll of noise {unknown}
 i - 2 scrolls of teleportation {@r3 !r}
 m - 2 scrolls of fog {!r}
 v - a scroll of magic mapping {unknown}
 y - a scroll of brand weapon {unknown}
Potions
 g - a potion of invisibility
 j - a potion of curing {@q1 !q}
 n - a potion of mutation
 o - 2 potions of ambrosia {unknown}
 q - 2 potions of brilliance {unknown}
 t - 2 potions of flight {unknown}
 w - a potion of might {unknown}
 x - a potion of cancellation {unknown}
 z - a potion of magic {unknown}
 A - a potion of haste {@q4 !q}
 B - a potion of heal wounds {unknown}


   Skills:
 - Level 5.0 Fighting
 - Level 5.0 Dodging
 - Level 3.0 Stealth
 - Level 4.0 Spellcasting
 + Level 8.6 Conjurations
 - Level 2.0 Hexes
 + Level 8.6 Fire Magic
 - Level 1.1 Evocations


You had 8 spell levels left.
You knew the following spells:

 Your Spells              Type           Power      Damage    Failure   Level
a - Sticky Flame          Conj/Fire      32%        2d5       4%          4
b - Foxfire               Conj/Fire      100%       2x1d9     1%          1
c - Inner Flame           Hex/Fire       21%        N/A       5%          3

Your spell library contained the following spells:

 Spells                   Type           Power      Damage    Failure   Level
 Conjure Flame            Conj/Fire      32%        6-21      1%          3
 Fireball                 Conj/Fire      16%        3d8       13%         5
 Confusing Touch          Hex            10%        N/A       21%         3
 Passwall                 Tmut/Erth      2%         N/A       24%         2
 Swiftness                Air            3%         N/A       24%         2
 Gell's Gravitas          Tloc           1%         N/A       43%         3
 Passage of Golubria      Tloc           N/A        N/A       83%         4
 Petrify                  Tmut/Erth      3%         N/A       83%         4
 Metabolic Englaciation   Hex/Ice        3%         N/A       96%         5
 Yara's Violent Unravell  Hex/Tmut       3%         3d4       96%         5
 Lee's Rapid Deconstruct  Erth           1%         3d5*      99%         5
 Invisibility             Hex            10%        N/A       100%        6


Dungeon Overview and Level Annotations

Branches:
Dungeon (7/15)             Temple (0/1) D:7

Altars:
Dithmenos
Hepliaklqana
Wu Jian

Shops:
D:1 =

Annotations:
D:3 2 runed translucent doors, Ghazghkull's ghost, amateur FoFi


Innate Abilities, Weirdness & Mutations

You cannot wear most types of armour.
You are amphibious.
You can wear up to eight rings at the same time.
Your skin changes colour to match your surroundings (Stealth+).
Your rubbery body absorbs attacks. (AC +1, EV +1)
((You are camouflaged near water. (Stealth+)))
You have tentacles for arms and can constrict up to eight enemies at once.


Message History

You kill the orc!
The Council accepts your kill.
You start resting.
Your foxfire dissipates! x3
You start resting.
Magic restored.
There is a stone staircase leading up here.
You climb upwards.
The rust devil screeches! 2 orc warriors and a rust devil come into view.
Found a scimitar, a runed morningstar, a glowing war axe and a halberd.
There is a stone staircase leading down here.
Okay, then.
Okay, then.
The orc warrior shouts!
The rust devil screeches!
The orc warrior shouts!
You see here a +2 morningstar of venom.
Your muscles tense, ready for explosive movement...
Your supernatural speed expires.
There is a stone staircase leading down here.
You climb downwards.
There is a stone staircase leading up here.
Unknown command.
Items here: ( )) [[ ††.
Maggie the Vainglorious comes into view.
She is wielding a +1 vorpal broad axe.
Casting: Foxfire (safe; 1% risk of failure)
Confirm with . or Enter, or press ? or * to list all spells.
Aiming: Inner Flame (dangerous; 5% risk of failure)
Press: ? - help, Shift-Dir - straight line, f - Maggie
Aim: Maggie, wielding a +1 vorpal broad axe and wearing +0 steam dragon scales (wandering, hasn't noticed you, chance to affect: 78%) Maggie is filled with an inner flame.
Maggie drinks a potion.
Maggie seems to speed up.
Casting: Inner Flame (dangerous; 5% risk of failure)
Confirm with . or Enter, or press ? or * to list all spells.
You conjure some foxfire!
Maggie mumbles the words to a spell, but in the wrong order.
Maggie gestures wildly while chanting.
Maggie attempts to bespell you!
You are mesmerised by Maggie!
Maggie mumbles some strange words.
Maggie draws you further into her thrall.
Casting: Foxfire (safe; 1% risk of failure)
Confirm with . or Enter, or press ? or * to list all spells.
You conjure some foxfire!
You feel less exhausted.
Casting: Foxfire (safe; 1% risk of failure)
Confirm with . or Enter, or press ? or * to list all spells.
You conjure some foxfire!
The foxfire hits Maggie but does no damage.
The foxfire hits Maggie.
Flame seeps out of Maggie.
Maggie is lightly wounded.
Casting: Foxfire (safe; 1% risk of failure)
Confirm with . or Enter, or press ? or * to list all spells.
You conjure some foxfire!
Your foxfire dissipates!
The foxfire hits Maggie but does no damage.
Maggie is lightly wounded.
The foxfire hits Maggie.
Flame seeps out of Maggie.
Maggie is lightly wounded.
Casting: Foxfire (safe; 1% risk of failure)
Confirm with . or Enter, or press ? or * to list all spells.
You conjure some foxfire!
The foxfire hits Maggie.
Flame seeps out of Maggie.
Maggie is moderately wounded.
Maggie is engulfed in blazing flames.
Flame seeps out of Maggie.
The foxfire hits Maggie.
Flame seeps out of Maggie.
Maggie is moderately wounded.
Casting: Foxfire (safe; 1% risk of failure)
Confirm with . or Enter, or press ? or * to list all spells.
You conjure some foxfire!
The foxfire hits Maggie.
Flame seeps out of Maggie.
Maggie is heavily wounded.
The foxfire hits Maggie but does no damage.
Maggie is heavily wounded.
The foxfire hits Maggie.
Flame seeps out of Maggie.
Maggie is heavily wounded.
Maggie is engulfed in blazing flames.
Flame seeps out of Maggie.
Maggie casts a spell at you. The bolt of fire hits you!!
Casting: Foxfire (safe; 1% risk of failure)
Confirm with . or Enter, or press ? or * to list all spells.
You conjure some foxfire!
The foxfire hits Maggie!
Flame seeps out of Maggie.
Maggie is almost dead.
The foxfire hits Maggie but does no damage.
Maggie is almost dead.
Maggie is engulfed in blazing flames.
Flame seeps out of Maggie.
Maggie hits you with a +1 vorpal broad axe!
Maggie hits your foxfire with a +1 vorpal broad axe!
You cannot move away from Maggie!
Unknown command.
Okay, then.
Really quaff
j - 2 potions of curing {@q1 !q}?
You feel better.
The foxfire hits Maggie.
You are no longer entranced.
The Council accepts your kill.
Maggie explodes!
The fiery explosion engulfs your foxfire.
Your foxfire completely resists.
Your foxfire is heavily damaged.
The fiery explosion engulfs you!!!
Ouch! That really hurt!
You die...

....(.......
........#)... ..
##########..# ...
#...... .... ####.###.#
....###########.##.# #.#
...............♣...# #..
.....°.§....#......# #..
.....§§v.....♣...♣.###..
.....§§@................
......§v...)...<........
........................
............[♣...♣..###.
............#......## ##
............##.♣...# #
...?........##.....#####
............##..........
...........##....######


There were no monsters in sight!

Vanquished Creatures
  Maggie (D:7)
  Grinder (D:5)
  A wyvern (D:6)
  A steam dragon (D:6)
  Duvessa (D:5)
  A water moccasin (D:7)
  2 necrophages (D:4)
  A sky beast (D:5)
  A hornet zombie (D:6)
  2 centaurs
  A phantom (D:4)
  2 bullfrogs
  A gnoll sergeant (D:4)
  Dowan (D:5)
  2 water moccasin zombies (D:5)
  3 scorpions
  2 howler monkeys
  A bullfrog zombie (D:6)
  2 centaur zombies
  3 jellies
  3 orc priests (D:3)
  5 hounds
  3 centaur skeletons
  A bullfrog skeleton (D:6)
  5 iguanas
  5 orc wizards
  Natasha (thrice) (D:3)
  Ijyb (D:5)
  A killer bee zombie (D:7)
  14 gnolls
  5 adders
  A white imp (D:4)
  2 worms
  4 dart slugs
  28 orcs
  9 ball pythons
  9 endoplasms
  4 giant cockroaches (D:1)
  7 goblins
  8 hobgoblins
  10 jackals (D:2)
  7 kobolds
  6 quokkas
  4 bats
  A frilled lizard (D:1)
  A jackal skeleton (D:4)
  11 rats
188 creatures vanquished.

Vanquished Creatures (others)
  603 foxfires
  16 plants (D:1)
619 creatures vanquished.

Grand Total: 807 creatures vanquished

Notes
Turn   | Place    | Note
-------+----------+-------------------------------------------
     0 | D:1      | EnegeticOcto the Octopode Wanderer began the quest for the
                  | Orb.
     0 | D:1      | EnegeticOcto set off with the following items: a +0 dagger,
                  | a wand of random effects (15); and the following spell
                  | memorised: Foxfire; and the following spells available to
                  | memorise: Conjure Flame, Inner Flame, Sticky Flame,
                  | Fireball
     0 | D:1      | Reached XP level 1. HP: 11/11 MP: 2/2
     0 | D:1      | Upgraded the game from 0.27-a0-911-gfacc31910f to
                  | 0.27-a0-941-g386ccf399c
   288 | D:1      | Reached skill level 2 in Stealth
   876 | D:1      | Reached skill level 3 in Stealth
   876 | D:1      | Reached XP level 2. HP: 17/17 MP: 1/3
  1039 | D:1      | Found Ytetez's Jewellery Emporium.
  1180 | D:1      | Reached skill level 1 in Conjurations
  1186 | D:1      | Reached XP level 3. HP: 21/21 MP: 0/5
  1747 | D:2      | Reached skill level 2 in Spellcasting
  2170 | D:2      | Reached skill level 2 in Conjurations
  2170 | D:2      | Reached XP level 4. HP: 27/27 MP: 3/7
  3458 | D:2      | Learned a level 4 spell: Sticky Flame
  3513 | D:3      | Reached XP level 5. HP: 31/31 MP: 6/9
  3615 | D:3      | Found a faded altar of an unknown god.
  3623 | D:3      | HP: 1/31 [orc priest/divine providence (16)]
  3643 | D:3      | Reached skill level 3 in Spellcasting
  3643 | D:3      | Reached skill level 3 in Conjurations
  3643 | D:3      | Reached skill level 1 in Fighting
  3647 | D:4      | Noticed a phantom
  4002 | D:4      | Reached skill level 2 in Fighting
  4002 | D:4      | Reached XP level 6. HP: 39/39 MP: 4/10
  4179 | D:3      | Noticed Natasha
  4735 | D:3      | Became a worshipper of the Wu Jian Council
  4735 | D:3      | Reached * piety under Wu Jian
  5256 | D:3      | Found a large runed translucent door.
  5256 | D:3      | Found a large runed translucent door.
  5258 | D:3      | Noticed Ghazghkull's ghost (amateur FoFi)
  5700 | D:3      | Killed Natasha
  6030 | D:3      | Found an ornate altar of the Wu Jian Council.
  6030 | D:3      | Noticed Natasha
  6033 | D:3      | Killed Natasha
  6452 | D:3      | Noticed Natasha
  6458 | D:3      | Killed Natasha
  6459 | D:3      | Reached skill level 4 in Conjurations
  6804 | D:4      | Reached skill level 4 in Spellcasting
  6804 | D:4      | Reached XP level 7. HP: 45/45 MP: 3/13
  7337 | D:3      | Learned a level 3 spell: Inner Flame
  7355 | D:4      | Reached skill level 5 in Conjurations
  7653 | D:4      | Reached skill level 1 in Hexes
  7936 | D:4      | Reached skill level 2 in Hexes
  7979 | D:4      | Reached skill level 6 in Conjurations
  8200 | D:4      | Reached XP level 8. HP: 40/50 MP: 2/14
  8439 | D:4      | Reached skill level 7 in Conjurations
  8546 | D:5      | Entered Level 5 of the Dungeon
  8557 | D:5      | Noticed Duvessa
  8565 | D:5      | Noticed Dowan
  8571 | D:5      | Killed Duvessa
  8572 | D:5      | Reached skill level 1 in Dodging
  8582 | D:5      | Killed Dowan
  8582 | D:5      | Reached ** piety under Wu Jian
  8583 | D:5      | Reached skill level 3 in Fighting
  8583 | D:5      | Reached skill level 2 in Dodging
  8757 | D:5      | Reached skill level 3 in Dodging
  8908 | D:5      | Found a hazy altar of Hepliaklqana.
  8949 | D:5      | Reached skill level 4 in Fighting
  9134 | D:5      | Noticed Ijyb
  9139 | D:5      | Killed Ijyb
  9288 | D:5      | Found a shadowy altar of Dithmenos.
  9345 | D:5      | Noticed Grinder
  9350 | D:5      | Killed Grinder
  9351 | D:5      | Reached skill level 5 in Fighting
  9351 | D:5      | Reached skill level 4 in Dodging
  9351 | D:5      | Reached XP level 9. HP: 57/61 MP: 8/15
  9742 | D:5      | Reached skill level 5 in Dodging
 10051 | D:6      | Identified the +6 morningstar of Conformity {protect,
                  | Will+}
 10562 | D:6      | Reached *** piety under Wu Jian
 10814 | D:6      | Reached skill level 8 in Conjurations
 10814 | D:6      | Reached skill level 8 in Fire Magic
 11134 | D:7      | Found a staircase to the Ecumenical Temple.
 11871 | D:6      | Noticed a rust devil
 11871 | D:6      | Noticed a rust devil
 11886 | D:7      | Noticed Maggie
 11895 | D:7      | Killed Maggie
 11895 | D:7      | Killed by an exploding Maggie... ignited by their inner
                  | flame

Illustrated notes

Levels and vault maps discovered:
D:1:      dpeg_arrival_three_same_balls, layout_rooms, serial_shops, shop,
          serial_bayou_pond_c, palyth_stone_intersect, minmay_worlds_worst_comb
D:2:      layout_basic, minmay_rat_gold_closets
D:3:      layout_basic, shapermc_ecumenical_altar_venn,
          ebering_ghost_disaster_area, uniq_natasha
D:4:      kb_forest_paths, layout_rooms
D:5:      layout_basic, hangedman_feature_mirror, minmay_misc_feat_pillars,
          uniq_ijyb, uniq_duvessa, uniq_grinder
D:6:      cheibrodos_iron_armory, layout_cave_pools, roderic_malta_cross,
          minmay_misc_feat_columns, minmay_diced_spiral
D:7:      layout_basic, minmay_temple_entry_poolview, grunt_ministairs_2,
          uniq_maggie

Skill      XL: |  1  2  3  4  5  6  7  8  9 |
---------------+----------------------------+-----
Stealth        | 3 |  3.0
Conjurations   | 1 2 3 4 6 7 8 |  8.6
Spellcasting   | 2 3 4 |  4.0
Fighting       | 2 5 |  5.0
Hexes          | 2 |  2.0
Dodging        | 4 5 |  5.0
Fire Magic     | 8 |  8.6
Evocations     | |  1.1

Action                   |  1- 3 |  4- 6 |  7- 9 || total
-------------------------+-------+-------+-------++-------
Melee: Spear             |     8 |     4 |     5 ||    17
       Constrict         |     1 |       |    11 ||    12
       Tentacles         |       |     1 |     6 ||     7
       Falchion          |       |       |     5 ||     5
       Morningstar       |       |       |    25 ||    25
 Cast: Foxfire           |    61 |    97 |   211 ||   369
       Sticky Flame      |       |     2 |    19 ||    21
       Inner Flame       |       |       |    14 ||    14
Invok: Whirlwind         |       |       |     2 ||     2
       Lunge             |       |       |     2 ||     2
       Serpent's Lash    |       |       |     1 ||     1
Evoke: Wand              |       |       |     3 ||     3
  Use: Potion            |       |     1 |     2 ||     3
       Scroll            |       |     4 |     3 ||     7
 Stab: Sleeping          |       |     1 |       ||     1
Armor: Skin              |       |     2 |    17 ||    19
Dodge: Dodged            |     4 |    15 |    47 ||    66
       Rpst.: Falchion   |       |       |     4 ||     4

Table legend: (Time is in decaauts)
 A = Elapsed time spent in this place.
 B = Non-inter-level travel time spent in this place.
 C = Inter-level travel time spent in this place.
 D = Time resting spent in this place.
 E = Time spent auto-exploring this place.
 F = Levels seen in this place.
 G = Mean time per level.
                   A        B        C        D        E       F      G
               +--------+--------+--------+--------+--------+-----+--------+
         Total |  11911 |  11589 |    322 |   2574 |   7550 |   7 | 1701.6 |
       Dungeon |  11911 |  11589 |    322 |   2574 |   7550 |   7 | 1701.6 |
               +--------+--------+--------+--------+--------+-----+--------+

Top non-repeatable levels by time:
     D:3: 3108 daAuts
     D:4: 2183 daAuts
     D:2: 1667 daAuts
     D:1: 1589 daAuts
     D:5: 1319 daAuts
     D:6: 1263 daAuts
     D:7: 777 daAuts
